 Dungeon Crawl Stone Soup version 0.29-a0-1065-g47a6bb87d6 (webtiles) character file.

Game seed: 7981093925636300778

12 spaghetti the Ruffian (level 2, -1/36 HPs)
             Began as a Demonspawn Berserker on Aug 19, 2022.
             Was a Follower of Trog.
             Slain by a worm (6 damage)
             ... on level 2 of the Dungeon.
             The game lasted 00:01:24 (817 turns).

spaghetti the Ruffian (Demonspawn Berserker)         Turns: 817, Time: 00:01:25

Health: -1/36      AC:  2    Str: 17    XL:     2   Next: 20%
Magic:  0/2        EV: 12    Int:  8    God:    Trog [*.....]
Gold:   23         SH:  0    Dex: 12    Spells: 1/1 levels left

rFire   . . .      SeeInvis .     - Unarmed
rCold   . . .      Faith    .   (no shield)
rNeg    . . .      Spirit   +   a - +0 animal skin
rPois   .          Reflect  .   (no helmet)
rElec   .          Harm     .   (no cloak)
rCorr   .          Rampage  .   (no gloves)
Will    .....                   (no boots)
Stlth   ..........              j - amulet of guardian spirit
HPRegen 0.12/turn               (no ring)
MPRegen 0.08/turn               (no ring)

@: berserking, very quick
A: spiny 1
a: Renounce Religion, Berserk


You were on level 2 of the Dungeon.
You worshipped Trog.
Trog was aware of your devotion.
You visited 1 branch of the dungeon, and saw 2 of its levels.

You collected 23 gold pieces.


Innate Abilities, Weirdness & Mutations

You are partially covered in sharp spines.


   Skills:
 - Level 3.0 Fighting
 + Level 0.0 Throwing
 + Level 1.8 Armour
 + Level 1.8 Dodging
 + Level 3.3 Unarmed Combat


You had one spell level left.
You didn't know any spells.
Your spell library was empty.

Inventory:

Hand Weapons
 b - a +0 dagger {short}
   (You found it on level 1 of the Dungeon)
Missiles
 d - 4 javelins (quivered) {throwing}
Armour
 a - a +0 animal skin (worn)
Jewellery
 j - an amulet of guardian spirit (around neck)
   (You found it on level 1 of the Dungeon)
Scrolls
 c - a scroll of brand weapon {unknown}
 e - a scroll of enchant armour {unknown}
Potions
 f - a potion of invisibility {unknown}
 g - a potion of cancellation {unknown}
 h - a potion of haste {unknown}
 i - a potion of flight {unknown}

Dungeon Overview and Level Annotations

Branches:
Dungeon (2/15) Zot: 11183

Altars:

.## ...###
)..... #...###
#....<######.
#..........g.
..#.....!......
.......@.######
.......wr.#
.......!.....
....###.......#
.... ##....###
... .....# ..
..##... ... ...


You could see a worm, a quokka and a hobgoblin.


Message History

No target in view!
No target in view!
No target in view!
No target in view!
No target in view!
No target in view!
No target in view!
j - an amulet of guardian spirit
There is a dry fountain here.
There is a dry fountain here.
A ball python comes into view.
The ball python hisses angrily.
You start putting on your amulet.
You continue putting on your amulet of guardian spirit. x5
The ball python misses you. The ball python barely misses you.
You finish putting on your amulet of guardian spirit.
You feel your power drawn to a protective spirit.
j - an amulet of guardian spirit (around neck)
You punch the ball python!
You kill the ball python!
Trog accepts your kill.
No target in view!
A kobold comes into view. It is wielding a +0 dagger.
A kobold is nearby!
A kobold is nearby!
A kobold is nearby!
The kobold shouts!
The kobold hits you but does no damage.
You hit the kobold.
You kill the kobold!
Trog accepts your kill.
No target in view!
No target in view!
No target in view!
No target in view!
No target in view!
No target in view!
No target in view!
No target in view!
No target in view!
No target in view!
No target in view!
No target in view!
No target in view!
Done exploring.
Done exploring.
Done exploring.
Done exploring.
No target in view!
(D) Dungeon
Where to? (? - help)
There is a stone staircase leading down here.
You climb downwards.
There is a stone staircase leading up here.
A worm is nearby!
Unknown command.
Unknown command.
A worm is nearby!
A worm is nearby!
A worm is nearby!
A worm is nearby!
You hit the worm. You punch the worm. The worm bites you! 😮 HP[-9]
You take 9 damage, and now have 15/24 hp.
MASSIVE DAMAGE!! (PAUSE)
You hit the worm. The worm is struck by your spines.
The worm barely misses you.
You hit the worm but do no damage. You barely miss the worm.
A quokka comes into view.
The worm is struck by your spines. The worm bites you.
* * * LOW HITPOINT WARNING * * *
😨 HP[-5] MP[-1]
You take 5 damage, and now have 10/24 hp.
MASSIVE DAMAGE!! (PAUSE)
You lost 1 mp, and now have 1/2 mp.
You hit the worm. You barely miss the worm. The worm is struck by your spines.
The worm closely misses you.
You hit the worm. You barely miss the worm. The worm bites you.
* * * LOW HITPOINT WARNING * * *
😱 HP[-4]
You take 4 damage, and now have 6/24 hp.
You barely miss the worm. The worm is struck by your spines.
The worm bites you.
* * * LOW HITPOINT WARNING * * *
😱 HP[-2]
You take 2 damage, and now have 4/24 hp.
You fail to use your ability.
The quokka barely misses you.
A hobgoblin comes into view.
Unknown command.
A red film seems to cover your vision as you go berserk!
You feel yourself moving faster!
You feel mighty!
The hobgoblin shouts!
The quokka bites you.
* * * LOW HITPOINT WARNING * * *
The worm bites you!
You die...

Skill      XL: |  1 |
---------------+----+-----
Unarmed Combat | 3 |  3.3
Fighting       | |  3.0
Armour         | |  1.8
Dodging        | |  1.8

Action                   || total
-------------------------++-------
Melee: Unarmed           ||    32
       Punch             ||     1
Invok: Berserk           ||     1
Armor: Animal skin       ||     6
Dodge: Dodged            ||    12

Levels and vault maps discovered:
D:1:      dpeg_arrival_line_fractal, layout_rooms,
          hellmonk_ecumenical_altar_crossroads
D:2:      layout_rooms

Notes
Turn   | Place    | Note
-------+----------+-------------------------------------------
     0 | D:1      | spaghetti the Demonspawn Berserker began the quest for the
                  | Orb.
     0 | D:1      | Reached XP level 1. HP: 18/18 MP: 1/1
     0 | D:1      | magus.rc [v1.9.6]
    52 | D:1      | Reached skill level 3 in Unarmed Combat
   478 | D:1      | Gained mutation: You are partially covered in sharp spines.
                  | [demonic ancestry]
   478 | D:1      | Reached XP level 2. HP: 16/24 MP: 2/2
   717 | D:1      | Found a faded altar of an unknown god.
   814 | D:2      | HP: 6/24 [worm (4)]
   817 | D:2      | Slain by a worm

Vanquished Creatures
  A dart slug (D:1)
  2 ball pythons (D:1)
  2 endoplasms (D:1)
  A giant cockroach (D:1)
  A bat (D:1)
  A frilled lizard (D:1)
  A kobold (D:1)
  A rat (D:1)
10 creatures vanquished.

Table legend:
 A = Non-vault XP
 B = Vault XP
 C = Vault XP percentage of total XP
 D = Non-vault monster count
 E = Vault monster count
 F = Vault count percentage of total count
                 A         B        C        D         E       F
            +---------+---------+-------+---------+---------+-------
      Total |      18 |       0 |   0.0 |      10 |       0 |   0.0
            +---------+---------+-------+---------+---------+-------
        D:1 |      18 |       0 |   0.0 |      10 |       0 |   0.0
            +---------+---------+-------+---------+---------+-------

Illustrated notes

Table legend:
 A = Kills in this place as a percentage of kills in entire the game.
 B = Kills by you in this place as a percentage of kills by you in the entire game.
 C = Kills by friends in this place as a percentage of kills by friends in the entire game.
 D = Other kills in this place as a percentage of other kills in the entire game.
 E = Experience gained in this place as a percentage of experience gained in the entire game.
 F = Experience gained in this place divided by the number of levels of this place that you have seen.
                   A       B       C       D       E      F
               +-------+-------+-------+-------+-------+----------------------
         Total | 100.0 | 100.0 |   N/A |   N/A | 100.0 |   9.0
       Dungeon | 100.0 | 100.0 |   N/A |   N/A | 100.0 |   9.0
               +-------+-------+-------+-------+-------+----------------------

Table legend: (Time is in decaauts)
 A = Elapsed time spent in this place.
 B = Non-inter-level travel time spent in this place.
 C = Inter-level travel time spent in this place.
 D = Time resting spent in this place.
 E = Time spent auto-exploring this place.
 F = Levels seen in this place.
 G = Mean time per level.
                   A        B        C        D        E       F      G
               +--------+--------+--------+--------+--------+-----+--------+
         Total |    815 |    787 |     28 |      0 |    704 |   2 |  407.5 |
       Dungeon |    815 |    787 |     28 |      0 |    704 |   2 |  407.5 |
               +--------+--------+--------+--------+--------+-----+--------+

Top non-repeatable levels by time:
     D:1: 802 daAuts
     D:2: 13 daAuts
